 Dungeon Crawl Stone Soup version 0.25.0-3-gd7cc5688da (webtiles) character file.

Game seed: 7453524080083501568

131 Froggeryz the Cudgeler (level 5, 0/32 HPs)
             Began as a Gargoyle Monk on June 15, 2020.
             Was a Believer of Qazlal.
             Slain by a wyvern skeleton (8 damage)
             ... on level 3 of the Dungeon.
             The game lasted 00:02:03 (2181 turns).

Froggeryz the Cudgeler (Gargoyle Monk)              Turns: 2181, Time: 00:02:04

Health: 0/32       AC: 10    Str: 16    XL:     5   Next: 14%
Magic:  5/5        EV: 10    Int: 10    God:    Qazlal [**....]
Gold:   57         SH:  2    Dex: 12    Spells: 4/4 levels left

rFire    . . .     SeeInvis .   a - +0 mace
rCold    . . .     Gourm    .   (no shield)
rNeg     + . .     Faith    .   b - +0 scale mail
rPois    ∞         Spirit   .   (no helmet)
rElec    +         Reflect  .   (no cloak)
rCorr    .         Harm     .   (no gloves)
MR       .....                  (no boots)
Stlth    +.........             i - amulet of regeneration
HPRegen  0.50/turn              (no ring)
MPRegen  0.09/turn              (no ring)

@: no status effects
A: negative energy resistance 1, electricity resistance, unbreathing,
petrification resistance, rot immunity, AC +4
a: Upheaval, Renounce Religion


You were on level 3 of the Dungeon.
You worshipped Qazlal.
Qazlal was pleased with you.
You were not hungry.

You visited 1 branch of the dungeon, and saw 3 of its levels.

You collected 57 gold pieces.

Inventory:

Hand Weapons
 a - a +0 mace (weapon)
Armour
 b - a +0 scale mail (worn)
Jewellery
 i - an amulet of regeneration (around neck)
 l - an uncursed ring of ice
Scrolls
 f - a scroll of amnesia {unknown}
 h - a scroll of random uselessness {unknown}
 j - a scroll of immolation {unknown}
 n - a scroll of remove curse {unknown}
Potions
 d - 2 potions of berserk rage {unknown}
 e - a potion of curing {unknown}
 k - a potion of lignification {unknown}
 m - a potion of heal wounds {unknown}
Comestibles
 c - 5 rations
 g - 6 chunks of flesh


   Skills:
 - Level 3.2 Fighting
 * Level 5.1 Maces & Flails
 + Level 2.3 Armour
 - Level 2.4 Dodging
 - Level 2.1 Stealth


You had 4 spell levels left.
You didn't know any spells.
Your spell library was empty.

Dungeon Overview and Level Annotations

Branches:
Dungeon (3/15)

Altars:
Qazlal


Innate Abilities, Weirdness & Mutations

You are resistant to torment.
Your stone body is resilient. (AC +4)
You are immune to poison.
You resist negative energy. (rN+)
You are resistant to electric shocks. (rElec)
You can survive without breathing.
You are immune to petrification.
You are immune to rotting.


Message History

The wyvern skeleton bites you! The wyvern skeleton bites you.
You are too injured to fight recklessly!
You are too injured to fight recklessly!
You are too injured to fight recklessly!
You are too injured to fight recklessly!
You sock the wyvern skeleton!
The wyvern skeleton is heavily damaged.
The wyvern skeleton closely misses you.
You hit the wyvern skeleton but do no damage.
The wyvern skeleton is heavily damaged.
The wyvern skeleton closely misses you. The wyvern skeleton misses you.
You hit the wyvern skeleton.
The wyvern skeleton is severely damaged.
The wyvern skeleton barely misses you.
You hit the wyvern skeleton.
The wyvern skeleton is almost destroyed.
The wyvern skeleton bites you.
* * * LOW HITPOINT WARNING * * *
The wyvern skeleton bites you!
You die...

#... ...#...
#...#.....#.
#....Z......
#..#o.K...#.
#.....o.....
##...#########
+...†.#.)...#
###...#Z#.###.#
.......<.@.###.#
#.#######.....#.#
#.......(...#
###.####..#.###
#...####..#.# #
#...#.).....#..
#.#####.####.##
#. #..........#..
.. ####..#.##.###


You could see a wyvern skeleton.

Vanquished Creatures
  A worker ant (D:3)
  4 adders (D:2)
  4 worms
  3 dart slugs
  4 orcs (D:3)
  7 bats
  4 giant cockroaches
  3 goblins
  7 hobgoblins
  3 kobolds
  5 frilled lizards
  6 rats
51 creatures vanquished.

Notes
Turn   | Place    | Note
-------+----------+-------------------------------------------
     0 | D:1      | Froggeryz the Gargoyle Monk began the quest for the Orb.
     0 | D:1      | Reached XP level 1. HP: 14/14 MP: 1/1
   112 | D:1      | Reached XP level 2. HP: 13/19 MP: 2/2
  1034 | D:1      | Reached skill level 4 in Maces & Flails
  1034 | D:1      | Reached XP level 3. HP: 23/23 MP: 3/3
  1271 | D:2      | Reached skill level 1 in Armour
  1449 | D:2      | Reached XP level 4. HP: 27/28 MP: 4/4
  1996 | D:2      | Found a stormy altar of Qazlal.
  2087 | D:2      | Became a worshipper of Qazlal Stormbringer
  2087 | D:2      | Reached * piety under Qazlal
  2087 | D:2      | Reached ** piety under Qazlal
  2146 | D:3      | Reached skill level 5 in Maces & Flails
  2146 | D:3      | Reached XP level 5. HP: 29/32 MP: 5/5
  2181 | D:3      | Slain by a wyvern skeleton

Illustrated notes

Levels and vault maps discovered:
D:1:      shiori_arrival_oz, layout_basic, skrybe_limestone_x
D:2:      layout_loops_ring, lemuel_round_altar
D:3:      layout_basic

Skill      XL: |  1  2  3  4 |
---------------+-------------+-----
Maces & Flails | 4 5 |  5.1
Armour         | 1 2 |  2.3
Fighting       | |  3.2
Dodging        | |  2.4
Stealth        | |  2.1

Action                   |  1- 3 |  4- 6 || total
-------------------------+-------+-------++-------
Melee: Mace              |   112 |   121 ||   233
 Stab: Sleeping          |     1 |       ||     1
  Eat: Chunk             |     2 |     2 ||     4
Armor: Robe              |    10 |       ||    10
       Scale mail        |    50 |    57 ||   107
Dodge: Dodged            |    59 |    72 ||   131
Block: Other             |       |     3 ||     3
